 Dungeon Crawl Stone Soup version 0.31.0-32-g396128a36d (webtiles) character file.

Game seed: 4251100551561186136

1449 safid the Grappler (level 8, -2/63 HPs)
             Began as a Grey Draconian Shapeshifter on Apr 2, 2024.
             Was a Believer of Okawaru.
             Slain by a rust devil (4 damage)
             ... summoned by a kobold demonologist
             ... on level 6 of the Dungeon.
             The game lasted 00:07:45 (4151 turns).

safid the Grappler (Grey Draconian Shapeshifter)    Turns: 4151, Time: 00:07:46

Health: -2/63      AC: 11    Str: 18    XL:     8   Next: 47%
Magic:  8/8        EV: 12    Int: 11    God:    Okawaru [**....]
Gold:   442        SH:  0    Dex: 11    Spells: 7/7 levels left

rFire   . .          .
                       - Unarmed
rCold   . . .        (no shield)
rNeg    . . .        (body armour unavailable)
rPois   .            (helmet currently unavailable)
rElec   .            (cloak currently unavailable)
rCorr   .            (gloves currently unavailable)
SInv    .            (boots currently unavailable)
Will    +....        (no amulet)
Stlth   +            e - +4 ring of protection
HPRegen 0.30/turn    j - ring of willpower
MPRegen 0.11/turn

%: no passive effects
@: beast-form, corroded
A: beast (slay +3), AC +11, amphibious, unfitting armour, cold-blooded
a: Begin Untransformation, Renounce Religion, Heroism


You were on level 6 of the Dungeon.
You worshipped Okawaru.
Okawaru was pleased with you.
You were a hulking beast.
You visited 1 branch of the dungeon, and saw 6 of its levels.

You collected 442 gold pieces.

Inventory:

Missiles
 y - 2 throwing nets (quivered)
Armour
 m - the +2 cloak "Trusted Companion" {Int+2}
   (You found it on level 2 of the Dungeon)

   Int+2:     It affects your intelligence (+2).
Jewellery
 e - a +4 ring of protection (left hand)
 j - a ring of willpower (right hand)
 w - an amulet of guardian spirit
Talismans
 b - a beast talisman
 c - a flux talisman
Scrolls
 d - 3 scrolls of blinking {unknown}
 f - 3 scrolls of revelation {unknown}
 g - 4 scrolls of identify {unknown}
 h - a scroll of enchant armour {unknown}
 i - a scroll of immolation {unknown}
 l - 2 scrolls of fear {unknown}
 n - a scroll of amnesia {unknown}
 o - 2 scrolls of teleportation {unknown}
 r - a scroll of noise {unknown}
 v - a scroll of butterflies {unknown}
 z - a scroll of vulnerability {unknown}
Potions
 a - 3 potions of lignification
 k - a potion of degeneration {unknown}
 p - 2 potions of haste {unknown}
 q - a potion of curing {unknown}
 s - a potion of invisibility {unknown}
 t - a potion of might {unknown}
 u - a potion of enlightenment {unknown}
 x - a potion of mutation {unknown}


   Skills:
 * Level 3.2 Fighting
 - Level 2.0 Dodging
 + Level 9.2 Unarmed Combat
 + Level 5.5 Shapeshifting


You had 7 spell levels left.
You didn't know any spells.
Your spell library contained the following spells:

 Spells                   Type           Power      Damage    Failure   Level
 Kiss of Death            Conj/Necr      0%         2d5       34%         1
 Necrotise                Necr           0%         1d4       34%         1
 Confusing Touch          Hex            0%         N/A       71%         3
 Dazzling Flash           Conj/Hex       0%         N/A       71%         3
 Mephitic Cloud           Conj/Alch/Air  0%         N/A       71%         3
 Vampiric Draining        Necr           0%         2d6       71%         3
 Dispel Undead            Necr           0%         3d6       98%         4
 Manifold Assault         Tloc           0%         N/A       98%         4
 Curse of Agony           Necr           0%         N/A       100%        5
 Silence                  Hex/Air        0%         N/A       100%        5
 Dispersal                Tloc           0%         N/A       100%        6
 Disjunction              Tloc           0%         N/A       100%        8
 Martyr's Knell           Necr/Summ      Unusable   N/A       N/A         4

Dungeon Overview and Level Annotations

Branches:
Dungeon (6/15)             Temple (0/1) D:5

Altars:
Dithmenos
Kikubaaqudgha
Okawaru
Sif Muna
Vehumet
Xom

Shops:
D:2 (

Annotations:
D:4 3 runed translucent doors, Phot0n's ghost, amateur MiBe
D:6 1 runed translucent door, spaghetti's ghost, novice DsHu


Innate Abilities, Weirdness & Mutations

You are a hulking beast.
Your limbs bulge with bestial killing power. (Slay +3)
Your dull iron-grey scales are very hard. (AC +11)
You are amphibious.
You cannot fit into any form of body armour.
You are cold-blooded and may be slowed by cold attacks.


Message History

The kobold demonologist casts a spell.
The rust devil barely misses you. The sun demon hits you.
You are engulfed in flames!
Unknown command.
You miss the kobold demonologist.
You tail-slap the kobold demonologist, but do no damage.
The kobold demonologist is heavily wounded.
The kobold demonologist hits you but does no damage.
The rust devil completely misses you. The sun demon completely misses you.
Unknown command.
You punch the kobold demonologist!
The kobold demonologist is severely wounded.
The sun demon hits you but does no damage.
The kobold demonologist hits you but does no damage.
The rust devil barely misses you.
Unknown command.
You hit the kobold demonologist but do no damage.
The kobold demonologist is severely wounded.
The sun demon barely misses you.
The kobold demonologist completely misses you.
Unknown command.
You closely miss the kobold demonologist.
The kobold demonologist is severely wounded.
The rust devil hits you. The rust devil corrodes you! The sun demon hits you!
* * * LOW HITPOINT WARNING * * *
You are engulfed in flames!
* * * LOW HITPOINT WARNING * * *
Unknown command.
Unknown command.
Okay, then.
Okay, then.
Unknown command.
Unknown command.
Unknown command.
Unknown command.
You punch the kobold demonologist!
The kobold demonologist is almost dead.
The kobold demonologist barely misses you.
The rust devil hits you.
You die...

#. ..# #...# ##...#. #.#
##... ...#
#.##.####..######## ####
#.................#
#.##........#.......#
#.#........)#.......# #
#.......†.).).......#
######..#..##)##.......#
..............##h3.....#
...............#4K.....#
................5...####
......)..........####
...[............##
...##....÷.......
.#.###.........#
.....####....###
.##...###....####


You could see a sun demon (summoned), a rust devil (summoned), a kobold
demonologist and a white imp (summoned).

Vanquished Creatures
  2 black bears (D:5)
  An ogre (D:3)
  3 phantoms
  4 scorpions
  A howler monkey (D:4)
  An orc priest (D:6)
  5 hounds
  Jessica (D:3)
  3 iguanas
  5 orc wizards
  Robin (D:3)
  3 gnolls
  8 adders
  A shadow imp (D:5)
  3 dart slugs
  2 ribbon worms (D:2)
  35 orcs
  7 endoplasms
  3 giant cockroaches
  21 goblins
  7 hobgoblins (D:2)
  4 jackals (D:4)
  4 quokkas
  8 ball pythons
  6 bats
  2 frilled lizards
  16 kobolds
  4 rats
161 creatures vanquished.

Notes
Turn   | Place    | Note
-------+----------+-------------------------------------------
     0 | D:1      | safid the Draconian Shapeshifter began the quest for the
                  | Orb.
     0 | D:1      | Reached XP level 1. HP: 16/16 MP: 1/1
   101 | D:1      | Reached XP level 2. HP: 23/23 MP: 2/2
   385 | D:2      | Reached XP level 3. HP: 5/28 MP: 3/3
   496 | D:2      | Found a shadowy altar of Dithmenos.
   617 | D:2      | Found Poduir's Weapon Shoppe.
   720 | D:2      | Identified the +2 cloak "Trusted Companion" {Int+2}
  1050 | D:3      | Noticed Robin
  1252 | D:3      | Reached XP level 4. HP: 35/35 MP: 4/4
  1256 | D:3      | Killed Robin
  1257 | D:3      | Reached skill level 4 in Unarmed Combat
  1285 | D:3      | Noticed a glass eye
  1312 | D:3      | Noticed an eye of devastation
  1315 | D:3      | Found a faded altar of an unknown god.
  1316 | D:3      | Noticed a shining eye
  1316 | D:3      | Noticed a glass eye
  1437 | D:3      | Found an iron altar of Okawaru.
  1451 | D:3      | Reached XP level 5. HP: 9/40 MP: 5/5
  1682 | D:3      | Became a worshipper of Warmaster Okawaru
  1707 | D:3      | Identified the +7 short sword of Camireupn {freeze, rElec
                  | rN+}
  1718 | D:3      | Noticed an ogre
  1734 | D:3      | Killed an ogre
  1735 | D:3      | Reached skill level 5 in Unarmed Combat
  1839 | D:3      | Noticed Jessica
  1845 | D:3      | Killed Jessica
  2064 | D:3      | Reached XP level 6. HP: 48/48 MP: 6/6
  2111 | D:4      | Found a runed translucent gate.
  2111 | D:4      | Found a runed translucent gate.
  2111 | D:4      | Found a runed translucent gate.
  2244 | D:4      | Found a shimmering blue altar of Sif Muna.
  2255 | D:4      | Found an ancient bone altar of Kikubaaqudgha.
  2269 | D:4      | Found a radiant altar of Vehumet.
  2278 | D:4      | Reached skill level 6 in Unarmed Combat
  2868 | D:4      | Noticed Phot0n's ghost (amateur MiBe)
  2889 | D:5      | Entered Level 5 of the Dungeon
  2904 | D:5      | Your scales start taking on a dull iron-grey colour.
  2904 | D:5      | Reached XP level 7. HP: 55/55 MP: 7/7
  2911 | D:5      | Reached * piety under Okawaru
  2976 | D:5      | Reached skill level 7 in Unarmed Combat
  3192 | D:5      | Found a staircase to the Ecumenical Temple.
  3312 | D:5      | Reached skill level 5 in Shapeshifting
  3412 | D:5      | You fall into a shaft and drop 1 floor!
  3496 | D:5      | Reached skill level 8 in Unarmed Combat
  3736 | D:5      | Reached XP level 8. HP: 62/62 MP: 8/8
  3776 | D:5      | Reached ** piety under Okawaru
  3954 | D:6      | Reached skill level 9 in Unarmed Combat
  4069 | D:6      | Found a runed translucent door.
  4070 | D:6      | Found a shimmering altar of Xom.
  4070 | D:6      | Noticed spaghetti's ghost (novice DsHu)
  4070 | D:6      | Noticed a +1 flail of chaos
  4137 | D:6      | Noticed a kobold demonologist
  4140 | D:6      | Noticed a sun demon
  4142 | D:6      | Noticed a rust devil
  4150 | D:6      | HP: 2/63 [sun demon[a kobold demonologist] (12)]
  4151 | D:6      | Slain by a rust devil

Illustrated notes

Levels and vault maps discovered:
D:1:      wander_arrival_peaceful_grave, layout_rooms
D:2:      layout_basic, serial_shops, shop, basic_altar
D:3:      layout_rooms, kennysheep_okawaru_gauntlet,
          hellmonk_ecumenical_altar_watching_god, minmay_misc_feat_five,
          minmay_ogre_servants, uniq_jessica, uniq_robin
D:4:      layout_rooms, palyth_temple_overflow_mages, ebering_ghost_rock_garden,
          minmay_snake_closets
D:5:      layout_gridville, minmay_temple_entry_junction
D:6:      layout_rooms, mainiacjoe_overflow_concentric_impassable,
          ebering_ghost_xom

Skill      XL: |  1  2  3  4  5  6  7  8 |
---------------+-------------------------+-----
Dodging        | 2 |  2.0
Unarmed Combat | 4 5 6 8 9 |  9.2
Shapeshifting  | 4 5 |  5.5
Fighting       | 2 3 |  3.2

Action                     |  1- 3 |  4- 6 |  7- 9 || total
---------------------------+-------+-------+-------++-------
  Melee: Unarmed           |   126 |   179 |   145 ||   450
         Tailslap          |    12 |    24 |    20 ||    56
         Punch             |     1 |     1 |     5 ||     7
   Stab: Sleeping          |     1 |       |       ||     1
 Armour: Skin              |    92 |   131 |   111 ||   334
  Dodge: Dodged            |    92 |   143 |    85 ||   320
